 Dungeon Crawl Stone Soup version 0.30-a0-1066-g63dfefce0d (webtiles) character file.

Game seed: 6975326094254759641

947 Esekla the Covert (level 8, -2/54 HPs)
             Began as an Octopode Delver on Apr 13, 2023.
             Was an Initiate of Gozag.
             Killed from afar by Natasha (15 damage)
             ... with a bolt of light
             ... on level 4 of the Dungeon.
             The game lasted 00:19:34 (3675 turns).

Esekla the Covert (Octopode Delver)                 Turns: 3675, Time: 00:19:34

Health: -2/54      AC:  1    Str: 11    XL:     8   Next: 13%
Magic:  20/20      EV: 13    Int: 14    God:    Gozag
Gold:   875        SH:  0    Dex: 14    Spells: 8/11 levels left

rFire   . . .      SeeInvis .    a - +1 falchion (freeze)
rCold   . . .      Faith    .    t - +0 buckler
rNeg    . . .      Spirit   .    (helmet restricted)
rPois   .          Reflect  .    (no amulet)
rElec   .          Rampage  .    x - ring of magical power
rCorr   .                        (no ring)
Will    .....                    (no ring)
Stlth   +++                      (no ring)
HPRegen 0.29/turn                (no ring)
MPRegen 0.17/turn                (no ring)
                                 (no ring)
                                 (no ring)

@: confused
A: almost no armour, amphibious, 8 rings, camouflage 1, gelatinous body 1,
(nimble swimmer 1), tentacles
a: Renounce Religion, Potion Petition, Call Merchant, Bribe Branch


You were on level 4 of the Dungeon.
You worshipped Gozag.
Gozag was pleased with you.
You visited 2 branches of the dungeon, and saw 6 of its levels.
You also visited: Ossuary.

You collected 887 gold pieces.
You paid 12 gold pieces to Gozag.

Inventory:

Hand Weapons
 a - a +1 falchion of freezing (weapon)
 r - a +0 spear
 s - a +0 dagger
Missiles
 d - 3 poisoned darts (quivered)
 B - 6 boomerangs
Armour
 t - a +0 buckler (worn)
Jewellery
 x - a ring of magical power (left tentacle)
Wands
 f - a wand of digging (3)
Scrolls
 b - 5 scrolls of fog
 c - 3 scrolls of magic mapping
 h - 2 scrolls of teleportation {unknown}
 i - 4 scrolls of identify {unknown}
 n - 2 scrolls of torment {unknown}
 p - a scroll of brand weapon {unknown}
 q - 2 scrolls of fear
 w - 2 scrolls of poison {unknown}
 y - a scroll of noise {unknown}
 A - a scroll of vulnerability {unknown}
Potions
 e - 2 potions of haste
 g - 2 potions of lignification {unknown}
 j - 2 potions of brilliance
 k - 2 potions of heal wounds {unknown}
 l - 2 potions of resistance {unknown}
 m - 3 potions of ambrosia {unknown}
 o - a potion of degeneration {unknown}
 u - a potion of berserk rage {unknown}
 v - a potion of might {unknown}
 z - a potion of flight {unknown}
 C - a potion of attraction {unknown}


   Skills:
 * Level 4.5 Fighting
 + Level 1.3(3.6) Short Blades
 * Level 5.3(5.4) Long Blades
 + Level 0.1 Throwing
 * Level 3.4 Dodging
 - Level 9.1 Stealth
 * Level 1.7 Shields
 * Level 2.2 Spellcasting
 * Level 1.1 Ice Magic


You had 8 spell levels left.
You knew the following spells:

 Your Spells              Type           Power      Damage    Failure   Level
r - Frozen Ramparts       Ice            8%         1d2       50%         3

Your spell library contained the following spells:

 Spells                   Type           Power      Damage    Failure   Level
 Freeze                   Ice            16%        1d4       19%         1
 Hailstorm                Conj/Ice       3%         3d3       58%         3


Dungeon Overview and Level Annotations

Branches:
Dungeon (5/15)             Temple (1/1) D:5         Ossuary (visited)

Altars:
Ashenzari
Fedhas
Gozag
Kikubaaqudgha
Qazlal
Trog

Annotations:
D:4 Natasha


Innate Abilities, Weirdness & Mutations

You cannot wear most types of armour.
You are amphibious.
You can wear up to eight rings at the same time.
Your skin changes colour to match your surroundings (Stealth+).
Your rubbery body absorbs attacks. (AC +1, EV +1)
((You are camouflaged when in or above water. (Stealth+)))
You have tentacles for arms and can constrict up to eight enemies at once.


Message History

You now have 869 gold pieces (gained 5).
There is a stone staircase leading up, spattered with blood here.
A sleepcap comes into view.
Found a potion of haste.
Your +1 falchion of freezing stops glowing.
s - a +0 dagger (weapon)
The helpless sleepcap fails to defend itself.
You impale the sleepcap!!
You destroy the sleepcap!
You now have 875 gold pieces (gained 6).
Found a stone staircase leading down.
e - 2 potions of haste (gained 1)
Found a short sword.
There is a stone staircase leading up here.
You climb upwards.
There is a stone staircase leading down, spattered with blood here.
Your +1 falchion of freezing glows with a cold blue light!
a - a +1 falchion of freezing (weapon)
Natasha, Servant of Life and Death comes into view.
She is carrying a wand of light (11).
There is an open door here.
Natasha hisses angrily.
Natasha zaps a wand.
The bolt of light hits you!!
There is an open door here.
You barely miss Natasha. Your grab misses Natasha.
Natasha zaps a wand.
The bolt of light hits you!!
You hit Natasha. You freeze Natasha. Your grab misses Natasha.
You squeeze Natasha, but do no damage.
Natasha is lightly wounded.
Natasha claws you.
* * * LOW HITPOINT WARNING * * *
You barely miss Natasha. Your grab misses Natasha.
Your tentacle-slap misses Natasha.
Your squeeze misses Natasha.
Natasha is lightly wounded.
Natasha casts a spell.
Okay, then.
The cerulean imp closely misses you.
Natasha zaps a wand.
The bolt of light hits you!
You are confused.
You die...
Your body crumbles into a pile of gold.

#...........###..##.#'####
#####...#....##.###.#.#
#...#.......# #.#.#
#...#...##..# #.#.#
######...#...##..###.#.#
.....'...............#'###
######.........#.##......#
###.......#.##......#
#.......#@.'......#
#......5.h.#......# #####
#..........#...(..# ....#
#..........#......# ....#
###........######## ....#
#........# ....#
#........# ....#
##.......# ....# #########


You could see Natasha and a cerulean imp (summoned).

Vanquished Creatures
  Grinder (D:3)
  A black bear (D:4)
  3 elf zombies (Ossuary)
  2 scorpions (D:4)
  A human zombie (Ossuary)
  A sleepcap (D:5)
  A hound (D:4)
  An iguana (D:4)
  Natasha (twice) (D:4)
  2 mummies (Ossuary)
  5 adders
  A white imp (D:5)
  2 adder zombies (Ossuary)
  2 worms (D:2)
  2 dart slugs
  3 orcs
  2 endoplasms
  4 giant cockroaches
  6 goblins
  6 hobgoblins
  A jackal (D:1)
  5 kobolds
  4 quokkas
  5 ball pythons
  6 bats
  2 frilled lizards (D:1)
  2 goblin zombies
  9 hobgoblin zombies (Ossuary)
  3 jackal zombies (Ossuary)
  9 kobold zombies (Ossuary)
  8 orc zombies (Ossuary)
  A quokka zombie (D:4)
  5 rats
  A rat zombie (Ossuary)
109 creatures vanquished.

Notes
Turn   | Place    | Note
-------+----------+-------------------------------------------
     0 | D:5      | Esekla the Octopode Delver began the quest for the Orb.
     0 | D:5      | Reached XP level 1. HP: 16/16 MP: 1/1
    25 | D:5      | Noticed an iguana
    26 | D:5      | Found a staircase to the Ecumenical Temple.
    31 | D:5      | Noticed a black bear
    35 | Temple   | Entered the Ecumenical Temple
    80 | Temple   | Became a worshipper of Gozag Ym Sagoz the Greedy
   132 | D:4      | Noticed Natasha
   148 | D:4      | Noticed a hound
   166 | D:4      | Noticed a scorpion
   183 | D:4      | Reached skill level 7 in Stealth
   183 | D:4      | Reached XP level 2. HP: 21/21 MP: 2/2
   227 | D:4      | Killed a scorpion
   228 | D:4      | Reached XP level 3. HP: 7/26 MP: 3/3
   228 | D:4      | Reached XP level 4. HP: 9/31 MP: 4/4
   283 | D:4      | Found a sand-covered staircase.
   314 | D:4      | Killed Natasha
   315 | D:4      | Reached skill level 8 in Stealth
   364 | D:4      | Noticed Natasha
   371 | D:4      | Reached XP level 5. HP: 36/36 MP: 5/5
   396 | Ossuary  | Entered an ossuary
   972 | Ossuary  | Reached XP level 6. HP: 23/43 MP: 5/7
  1043 | Ossuary  | Reached skill level 1 in Spellcasting
  1669 | D:3      | Reached XP level 7. HP: 48/48 MP: 8/8
  2622 | D:2      | Found a faded altar of an unknown god.
  2858 | D:3      | Noticed Grinder
  2860 | D:3      | Killed Grinder
  2861 | D:3      | Reached skill level 1 in Short Blades
  2861 | D:3      | Reached skill level 5 in Long Blades
  2861 | D:3      | Reached skill level 9 in Stealth
  2861 | D:3      | Reached skill level 1 in Shields
  3048 | D:4      | Learned a level 3 spell: Frozen Ramparts
  3391 | D:4      | Reached XP level 8. HP: 28/54 MP: 11/11
  3576 | D:4      | Killed Natasha
  3577 | D:4      | Reached skill level 1 in Ice Magic
  3668 | D:4      | Noticed Natasha
  3675 | D:4      | Killed from afar by Natasha

Illustrated notes

Levels and vault maps discovered:
D:1:      erik_arrival_blinker_ship, layout_rooms, minmay_3d_cube
D:2:      layout_rooms, basic_ecumenical_altar, minivault_25, st_stairs_14
D:3:      layout_rooms, uniq_grinder
D:4:      layout_basic, enter_ossuary_4, uniq_natasha
D:5:      layout_rooms, minmay_temple_entry_slanted
Temple:   bh_familiar_temple

Skill      XL: |  1  2  3  4  5  6  7  8 |
---------------+-------------------------+-----
Stealth        | 7 8 9 |  9.1
Long Blades    | 4 5 |  5.3
Spellcasting   | 1 2 |  2.2
Fighting       | 4 |  4.5
Short Blades   | 1 |  1.3
Dodging        | 3 |  3.4
Shields        | 1 |  1.7
Ice Magic      | 1 |  1.1
Throwing       | |  0.1

Action                     |  1- 3 |  4- 6 |  7- 9 || total
---------------------------+-------+-------+-------++-------
  Melee: Falchion          |     9 |   106 |    61 ||   176
         Constrict         |     2 |    32 |    17 ||    51
         Dagger            |       |    18 |    20 ||    38
         Tentacles         |       |    25 |    15 ||    40
         Punch             |       |       |     1 ||     1
  Throw: Dart              |     2 |       |       ||     2
    Use: Scroll            |     1 |       |       ||     1
   Stab: Sleeping          |     3 |    17 |    20 ||    40
         Distracted        |       |     2 |     2 ||     4
 Armour: Skin              |       |     9 |     5 ||    14
  Dodge: Dodged            |     5 |    40 |    30 ||    75
  Block: Buckler           |       |       |    11 ||    11

Table legend: (Time is in decaauts)
 A = Elapsed time spent in this place.
 B = Non-inter-level travel time spent in this place.
 C = Inter-level travel time spent in this place.
 D = Time resting spent in this place.
 E = Time spent auto-exploring this place.
 F = Levels seen in this place.
 G = Mean time per level.
                   A        B        C        D        E       F      G
               +--------+--------+--------+--------+--------+-----+--------+
         Total |   3685 |   3556 |    129 |    767 |    558 |   7 |  526.4 |
       Dungeon |   2570 |   2466 |    104 |    409 |    519 |   5 |  514.0 |
        Temple |     70 |     45 |     25 |      0 |     39 |   1 |   70.0 |
       Ossuary |   1043 |   1043 |      0 |    358 |      0 |   1 | 1043.0 |
               +--------+--------+--------+--------+--------+-----+--------+

Top non-repeatable levels by time:
 Ossuary: 1043 daAuts
     D:4: 992 daAuts
     D:1: 625 daAuts
     D:2: 495 daAuts
     D:3: 359 daAuts
     D:5: 98 daAuts
  Temple: 70 daAuts
